 Dungeon Crawl Stone Soup version 0.18-a0-1560-ge216ca8 (webtiles) character file.

53 SlimeFever the Slasher (level 3, -1/29 HPs)
             Began as a Demonspawn Chaos Knight on Mar 12, 2016.
             Slain by a gnoll
             ... wielding a +0 spear
              (3 damage)
             ... on level 2 of the Dungeon on Mar 13, 2016.
             The game lasted 00:08:21 (1328 turns).

SlimeFever the Slasher (Demonspawn Chaos Knight)    Turns: 1328, Time: 00:08:24

Health: -1/29      AC:  7    Str: 13    XL:     3   Next: 64%
Magic:  3/3        EV: 11    Int: 13    God:    Xom [..*...]
Gold:   25         SH:  0    Dex: 12    Spells: 0 memorised, 2 levels left

rFire  . . .     SeeInvis .     a - +1 falchion (chaos)
rCold  . . .     Gourm    .     b - +2 leather armour
rNeg   . . .     Faith    .     (no shield)
rPois  .         Spirit   .     (helmet restricted)
rElec  .         Dismiss  .     (no cloak)
rCorr  .         Reflect  .     e - +1 pair of gloves
SustAt .         Harm     .     (no boots)
MR     .....                    (no amulet)
Stlth  +.........               (no ring)
                                (no ring)

@: flying, not resistant to hostile enchantments, very unstealthy
A: horns 1, powered by pain 1
a: Renounce Religion


You were on level 2 of the Dungeon.
You worshipped Xom.
You were a toy of Xom.
You were not hungry.

You visited 1 branch of the dungeon, and saw 2 of its levels.

You collected 25 gold pieces.

Inventory:

Hand Weapons
 a - a +1 falchion of chaos (weapon)
Armour
 b - a +2 leather armour (worn)
 e - a +1 pair of gloves (worn)
 f - a +0 ring mail
Scrolls
 d - a scroll of teleportation
 g - a scroll of fog {unknown}
 k - a scroll of recharging {unknown}
 l - a scroll of enchant armour
Potions
 h - a potion of flight
 i - a potion of degeneration {unknown}
 j - 2 potions of heal wounds {unknown}
 m - a potion of agility {unknown}
Comestibles
 c - 3 bread rations
 n - a slice of pizza
 o - a fruit


   Skills:
 + Level 3.3 Fighting
 * Level 3.5 Long Blades
 + Level 2.0 Armour
 + Level 1.6 Dodging


You had 2 spell levels left.
You didn't know any spells.

Dungeon Overview and Level Annotations

Branches:
Dungeon (2/15)

Altars:


Innate Abilities, Weirdness & Mutations

You have a pair of small horns on your head.
You sometimes gain a little power by taking damage.


Message History

The gnoll hits you from afar with a spear.
* * * LOW HITPOINT WARNING * * *
The adder barely misses you. The gnoll misses you.
The bat hits you but does no damage.
You kill the adder!
The bat hits you but does no damage.
You slash the bat!
You kill the bat!
As you read the scroll labeled KUNKEILYTOM, it crumbles to dust.
It is a scroll of enchant armour.
Enchant which item? (? for menu, Esc to quit)
Your +0 pair of gloves glows green for a moment.
The gnoll completely misses you.
It was a potion of flight.
You feel very buoyant.
You fly up into the air.
Xom is highly amused!
The gnoll hits you from afar with a spear.
You die...
Xom chuckles heartily!

#############.###############.###
#.# #.#<. #.# #######.#.. #.#
#.......#.. #)# #.#######.# #.#
##.#...[.... #.# ##.#.#.#.#(...
############.######...)..()(####
##..............@.gg#.##'##.###..
......#######.######wg#.$.#..##.#
##.##..# ..... ##)'...'.#....
#.###.# #.##.### .#...#...#.#
##.# .# # #.# w##'##.#.#.[ ...#
.# #.# g. .... . ...# .# #.# .#
#[#. ...# .. #.# .. ###. ...# #.
.# #


You could see a worm and 3 gnolls.

Vanquished Creatures
  An adder (D:2)
  A gnoll (D:2)
  2 dart slugs (D:1)
  7 bats
  4 goblins
  2 hobgoblins
  2 jackals (D:1)
  6 kobolds (D:1)
  A ball python (D:1)
  A giant newt (D:2)
  3 rats
30 creatures vanquished.

Notes
Turn   | Place    | Note
--------------------------------------------------------------
     0 | D:1      | SlimeFever the Demonspawn Chaos Knight began the quest for the Orb.
     0 | D:1      | Reached XP level 1. HP: 18/18 MP: 1/1
   153 | D:1      | Gained mutation: You have a pair of small horns on your head. [demonic ancestry]
   153 | D:1      | Reached XP level 2. HP: 24/24 MP: 2/2
   412 | D:1      | XOM: silly message
  1002 | D:2      | Reached skill level 1 in Dodging
  1063 | D:2      | Gained mutation: You sometimes gain a little power by taking damage. [demonic ancestry]
  1063 | D:2      | Reached XP level 3. HP: 29/29 MP: 3/3
  1080 | D:2      | XOM: mild Trmt miscast
  1328 | D:2      | Slain by a gnoll

Vault maps used:
D:1:      matt_arrival_grand_opening, st_stairs_7, serial_bayou_pond_a
D:2:      minmay_misc_feat_doors, minmay_tree_intersection

Skill      XL: |  1  2 |
---------------+-------+-----
Long Blades    | 3 |  3.5
Armour         | 2 |  2.0
Dodging        | 1 |  1.6
Fighting       | |  3.3

Action                   || total
-------------------------++-------
Melee: Falchion          ||   101
  Use: Scroll            ||     5
       Potion            ||     1
  Eat: Meat ration       ||     1
